 Dungeon Crawl Stone Soup version 0.26-a0-490-gf8362a0c98 (webtiles) character file.

Game seed: 668578727744991185

108 MrRokkomies the Slasher (level 4, -2/31 HPs)
             Began as an Octopode Chaos Knight on Aug 4, 2020.
             Was a Plaything of Xom.
             Slain by a gnoll
             ... wielding a +0 vorpal flail
              (4 damage)
             ... on level 3 of the Dungeon.
             The game lasted 00:05:56 (11595 turns).

MrRokkomies the Slasher (Octopode Chaos Knight)    Turns: 11595, Time: 00:05:57

Health: -2/31      AC:  1    Str: 11      XL:     4   Next: 87%
Magic:  4/4        EV: 13    Int: 17      God:    Xom [....*.]
Gold:   131        SH:  4    Dex:  8 (11) Spells: 3/3 levels left

rFire    . . .     SeeInvis +   a - +0 falchion (chaos)
rCold    + + +     Faith    .   (no shield)
rNeg     . . .     Spirit   .   (helmet restricted)
rPois    +         Reflect  .   (no amulet)
rElec    .         Harm     .   j - ring of see invisible (curse)
rCorr    .                      (no ring)
MR       .....                  (no ring)
Stlth    ++........             (no ring)
HPRegen  0.10/turn              (no ring)
MPRegen  0.09/turn              (no ring)
                                (no ring)
                                (no ring)

@: brilliant, heavily drained
A: almost no armour, stealthy swim, amphibious, 8 rings, constrict 8, large bone
plates 1, camouflage 1, clever 1, cold resistance 3, poison resistance,
gelatinous body 1
a: Renounce Religion


You were on level 3 of the Dungeon.
You worshipped Xom.
You were a beloved toy of Xom.
You visited 1 branch of the dungeon, and saw 3 of its levels.

You collected 131 gold pieces.

Inventory:

Hand Weapons
 a - a +0 falchion of chaos (weapon)
Missiles
 m - 6 boomerangs (quivered)
Jewellery
 j - a cursed ring of see invisible (left tentacle)
Wands
 p - a wand of flame (14)
Scrolls
 b - a scroll of blinking {unknown}
 e - 2 scrolls of identify {unknown}
 f - 2 scrolls of remove curse {unknown}
 h - a scroll of noise {unknown}
 k - a scroll of enchant armour {unknown}
 n - a scroll of magic mapping {unknown}
Potions
 c - a potion of cancellation {unknown}
 d - 2 potions of curing
 g - a potion of heal wounds {unknown}
 l - a potion of resistance {unknown}
 o - a potion of might {unknown}


   Skills:
 + Level 3.4(1.9) Fighting
 * Level 4.0(2.5) Long Blades
 * Level 3.3(1.8) Dodging
 + Level 2.2(0.7) Stealth


You had 3 spell levels left.
You didn't know any spells.
Your spell library was empty.

Dungeon Overview and Level Annotations

Branches:
Dungeon (3/15)

Altars:
Xom


Innate Abilities, Weirdness & Mutations

You cannot wear most types of armour.
You are very stealthy in the water. (Stealth+)
You are amphibious.
You can wear up to eight rings at the same time.
You can use your tentacles to constrict eight enemies at once.
Your skin changes colour to match your surroundings (Stealth+).
Your rubbery body absorbs attacks. (AC +1, EV +1)
You are partially covered in large bone plates. (SH +4)
Your mind is acute. (Int +2)
Your flesh is almost immune to the effects of cold. (rC+++)
Your system is resistant to poisons. (rPois)


Message History

You feel better.
The gnoll hits you with a +0 vorpal flail.
* * * LOW HITPOINT WARNING * * *
x2 You hit the gnoll.
You freeze the gnoll. Your grab misses the gnoll.
The gnoll is severely wounded.
The gnoll closely misses you.
You barely miss the gnoll. Your grab misses the gnoll.
The gnoll is severely wounded.
The gnoll is no longer unusually agile.
You block the gnoll's attack.
You hit the gnoll but do no damage.
The gnoll flickers and vanishes for a moment.
You grab the gnoll. You squeeze the gnoll.
The gnoll is almost dead.
You constrict the gnoll. You block the gnoll's attack.
You feel better.
You constrict the gnoll, but do no damage.
The gnoll hits you with a +0 vorpal flail!
* * * LOW HITPOINT WARNING * * *
You die... "It's all fun and games until someone loses an eye."

### .....######
......§§§@#
.>..?.###g#######
..... ##.§§......
......#.....####.
.............##
........<.....#
#..##............
#............
##.......#.#.


You could see a gnoll (invisible).

Vanquished Creatures
  Terence (D:2)
  2 gnolls (D:3)
  An adder (D:2)
  An ooze (D:1)
  A worm (D:2)
  A dart slug (D:1)
  3 leopard geckos
  An orc (D:2)
  11 bats
  2 giant cockroaches
  3 goblins (D:1)
  3 hobgoblins
  2 jackals (D:1)
  6 kobolds
  2 frilled lizards (D:2)
  5 rats
45 creatures vanquished.

Notes
Turn   | Place    | Note
-------+----------+-------------------------------------------
     0 | D:1      | MrRokkomies the Octopode Chaos Knight began the quest for
                  | the Orb.
     0 | D:1      | Reached XP level 1. HP: 16/16 MP: 1/1
    46 | D:1      | Reached XP level 2. HP: 13/21 MP: 2/2
    68 | D:1      | Reached skill level 1 in Stealth
   159 | D:1      | XOM: silly message
   204 | D:1      | XOM: silly message
   267 | D:1      | XOM: noise
   473 | D:1      | Reached XP level 3. HP: 26/26 MP: 3/3
   584 | D:1      | XOM is BORED!
   667 | D:1      | XOM: silly message
  1260 | D:1      | XOM: divination: detect creatures
  1930 | D:1      | XOM: divination: detect creatures
  2209 | D:1      | XOM: give mutations
  2209 | D:1      | Gained mutation: Your mind is acute. (Int +2) [Xom's grace]
  2209 | D:1      | Gained mutation: You are partially covered in large bone
                  | plates. (SH +4) [Xom's grace]
  2209 | D:1      | Gained mutation: Your flesh is cold resistant. (rC+) [Xom's
                  | grace]
  2209 | D:1      | Gained mutation: Your flesh is very cold resistant. (rC++)
                  | [Xom's grace]
  2354 | D:1      | XOM: silly message
  2830 | D:1      | XOM: summons 3 hostile shadow creatures
  4161 | D:1      | XOM: cloud trail
  4383 | D:1      | XOM: god gift: coppery potion {god gift}
  4898 | D:1      | XOM: god gift: 12 gold pieces
  4962 | D:1      | XOM: cloud trail
  5094 | D:1      | XOM: give mutations
  5094 | D:1      | Gained mutation: You are partially covered in thin metallic
                  | scales. (AC +2) [Xom's grace]
  5094 | D:1      | Gained mutation: Your mind is very acute. (Int +4) [Xom's
                  | grace]
  5094 | D:1      | Gained mutation: Your flesh is almost immune to the effects
                  | of cold. (rC+++) [Xom's grace]
  5094 | D:1      | Gained mutation: Your system is resistant to poisons.
                  | (rPois) [Xom's grace]
  5155 | D:2      | Noticed Terence
  5158 | D:2      | XOM: summons friendly shadow imp
  5164 | D:2      | XOM: swap monsters
  5165 | D:2      | Killed Terence
  5165 | D:2      | Reached XP level 4. HP: 22/31 MP: 4/4
  5262 | D:2      | XOM: summons 3 hostile demons
  6672 | D:2      | XOM: stat loss: -1 Dex (10/11)
  7655 | D:2      | XOM is BORED!
  7992 | D:2      | XOM: give mutation
  7992 | D:2      | Lost mutation: You are partially covered in thin metallic
                  | scales. (AC +2) [Xom's mischief]
  8324 | D:2      | XOM: stat loss: -1 Dex (9/11)
  8379 | D:2      | XOM: summons 3 hostile demons
  8561 | D:2      | XOM: silly message
  8822 | D:2      | XOM: silly message
  9558 | D:2      | XOM: noise
  9868 | D:2      | XOM: give mutation
  9868 | D:2      | Lost mutation: Your mind is very acute. (Int +4) [Xom's
                  | mischief]
  9882 | D:2      | XOM: god gift: gold wand {god gift}
 10107 | D:2      | XOM: scenery: create altars
 10419 | D:2      | XOM: scenery: create altars
 10524 | D:2      | XOM: 1-stop teleportation journey
 11090 | D:2      | XOM: cloud trail
 11562 | D:2      | Touched by the power of Zot.
 11568 | D:3      | XOM: enchant monster (bad)
 11585 | D:3      | XOM: smoke on damage
 11586 | D:3      | Reached skill level 4 in Long Blades
 11595 | D:3      | Slain by a gnoll

Illustrated notes

Levels and vault maps discovered:
D:1:      evilmike_arrival_fibonacci_small, layout_basic
D:2:      layout_basic, minmay_liquid_box, minmay_misc_feat_doors,
          minmay_strange_pillars, uniq_terence
D:3:      layout_loops_ring, portal_sewer_entry_e

Skill      XL: |  1  2  3  4 |
---------------+-------------+-----
Stealth        | 1 2 |  2.2
Dodging        | 3 |  3.3
Long Blades    | 4 |  4.0
Fighting       | |  3.4

Action                   |  1- 3 |  4- 6 || total
-------------------------+-------+-------++-------
Melee: Falchion          |    50 |    59 ||   109
       Tentacles         |     9 |     8 ||    17
       Constrict         |    17 |    17 ||    34
Throw: Boomerang         |       |     2 ||     2
  Use: Potion            |       |     5 ||     5
 Stab: Sleeping          |       |     5 ||     5
Armor: Skin              |    10 |    16 ||    26
Dodge: Dodged            |    44 |    49 ||    93
Block: Other             |     6 |    26 ||    32
       Rpst.: Falchion   |    16 |    11 ||    27

Table legend: (Time is in decaauts)
 A = Elapsed time spent in this place.
 B = Non-inter-level travel time spent in this place.
 C = Inter-level travel time spent in this place.
 D = Time resting spent in this place.
 E = Time spent auto-exploring this place.
 F = Levels seen in this place.
 G = Mean time per level.
                   A        B        C        D        E       F      G
               +--------+--------+--------+--------+--------+-----+--------+
         Total |  11608 |  11588 |     20 |   9941 |   1313 |   3 | 3869.3 |
       Dungeon |  11608 |  11588 |     20 |   9941 |   1313 |   3 | 3869.3 |
               +--------+--------+--------+--------+--------+-----+--------+

Top non-repeatable levels by time:
     D:2: 6464 daAuts
     D:1: 5114 daAuts
     D:3: 29 daAuts
